 Dungeon Crawl Stone Soup version 0.29-a0-802-g34511f41fd (webtiles) character file.

Game seed: 6297720482793702059

339551 polve the Warrior (level 21, -4/173 (183) HPs)
             Began as a Demonspawn Abyssal Knight on July 3, 2022.
             Was the Champion of Lugonu.
             Killed by a resonance strike
             ... invoked by Zenata
              (15 damage)
             ... on level 3 of the Vaults.
             The game lasted 01:12:47 (45960 turns).

polve the Warrior (Demonspawn Abyssal Knight)      Turns: 45960, Time: 01:12:48

HP:   -4/173 (183)  AC: 31    Str: 18    XL:     21   Next: 5%
MP:   0/32          EV: 29    Int: 12    God:    Lugonu [******]
Gold: 4295          SH:  5    Dex: 27    Spells: 20/20 levels left

rFire   + + .      SeeInvis +   b - +7 quick blade (distort)
rCold   . . .      Faith    .   (no shield)
rNeg    + . .      Spirit   +   E - +1 leather armour of Itieloupa {rF++ Regen+ Str+3 Stlth+}
rPois   +          Reflect  +   Q - +2 helmet of Fortification {rElec Dex+5}
rElec   +          Harm     .   v - +2 ratskin cloak {*Rats rPois rN+ Str-1 Int-1 Dex+1}
rCorr   .          Rampage  .   (gloves unavailable)
Will    +....                   L - +0 pair of boots
Stlth   +++++++++.              s - amulet of reflection
HPRegen 0.00/turn               y - +4 ring of evasion
MPRegen 0.46/turn               V - +4 ring of protection

@: marked, sanguine armoured, inhibited regen, studying Earth Magic, drained
A: ignite blood 3, augmentation 3, magic shield, magic regeneration, sanguine
armour 3, demonic touch 3, see invisible, inhibited regeneration, sturdy frame 1
}: 2/15 runes: decaying, serpentine
a: Renounce Religion, Depart the Abyss, Bend Space, Banish, Corrupt, Enter the
Abyss


You were on level 3 of the Vaults.
You worshipped Lugonu.
Lugonu was exalted by your worship.
You visited 7 branches of the dungeon, and saw 37 of its levels.
You visited the Abyss 3 times.
You also visited: Sewer and Volcano.

You collected 4958 gold pieces.
You spent 663 gold pieces at shops.

Inventory:

Hand Weapons
 a - the +8 arc blade {discharge, rElec}
   (You found it on level 4 of the Dungeon)

   It occasionally unleashes powerful arcs of lightning upon striking a foe.
   These may arc to other adjacent creatures (including the wielder, but dealing
   reduced damage to them) before grounding out.
   rElec:     It insulates you from electricity.
 b - a +7 quick blade of distortion (weapon)
Missiles
 F - a throwing net
Armour
 v - the +2 ratskin cloak (worn) {*Rats rPois rN+ Str-1 Int-1 Dex+1}
   (You found it on level 4 of the Dungeon)

   When the wearer is hurt, rats may emerge from it to assist them.
   Str:       It affects your strength (-1).
   Int:       It affects your intelligence (-1).
   Dex:       It affects your dexterity (+1).
   rPois:     It protects you from poison.
   rN:        It protects you from negative energy.
 E - the +1 leather armour of Itieloupa (worn) {rF++ Regen+ Str+3 Stlth+}
   (You found it on level 8 of the Dungeon)

   Str:       It affects your strength (+3).
   rF:        It greatly protects you from fire.
   Regen:     It increases your rate of health regeneration.
   Stlth:     It makes you more stealthy.
 L - a +0 pair of boots (worn)
 Q - the +2 helmet of Fortification (worn) {rElec Dex+5}
   (You found it in a volcano)

   Dex:       It affects your dexterity (+5).
   rElec:     It insulates you from electricity.
 Y - +2 storm dragon scales {Bai Suzhen}
Jewellery
 s - an amulet of reflection (around neck)
 y - a +4 ring of evasion (left hand)
 G - a ring of resist corrosion
 H - a ring of flight
 V - a +4 ring of protection (right hand)
Wands
 n - a wand of charming (23)
 q - a wand of iceblast (25)
 B - a wand of digging (35)
 D - a wand of acid (24)
 J - a wand of flame (38)
 P - a wand of mindburst (26)
 W - a wand of polymorph (7)
Scrolls
 c - 10 scrolls of fog
 e - 4 scrolls of magic mapping
 g - 5 scrolls of amnesia
 h - 3 scrolls of silence
 i - 3 scrolls of brand weapon
 j - 8 scrolls of enchant armour
 l - 2 scrolls of poison
 m - a scroll of immolation
 r - 14 scrolls of identify
 t - 11 scrolls of blinking
 u - 11 scrolls of vulnerability
 x - 20 scrolls of teleportation
 T - 2 scrolls of summoning
 X - 8 scrolls of fear
Potions
 d - 3 potions of invisibility
 f - 22 potions of curing
 k - 2 potions of cancellation
 o - 4 potions of mutation
 p - 8 potions of brilliance
 w - a potion of heal wounds
 z - 2 potions of berserk rage
 A - 2 potions of ambrosia
 C - 3 potions of flight
 I - 2 potions of resistance
 M - 5 potions of attraction
 N - 5 potions of lignification
 R - 8 potions of haste
 S - 5 potions of might


   Skills:
 - Level 20.0 Fighting
 - Level 14.0 Short Blades
 - Level 15.0 Armour
 + Level 13.2 Dodging
 - Level 20.0 Stealth
 - Level 15.0 Invocations


You had 20 spell levels left.
You didn't know any spells.
Your spell library contained the following spells:

 Spells                   Type           Power      Damage    Failure   Level
 Apportation              Tloc           0%         N/A       32%         1
 Magic Dart               Conj           0%         1d3       32%         1
 Necrotise                Necr           0%         1d4       32%         1
 Shock                    Conj/Air       0%         1d3       32%         1
 Sting                    Tmut/Pois      0%         1d3       32%         1
 Summon Small Mammal      Summ           0%         N/A       32%         1
 Blink                    Tloc           0%         N/A       45%         2
 Poisonous Vapours        Pois/Air       0%         N/A       45%         2
 Searing Ray              Conj           0%         2d4       45%         2
 Sublimation of Blood     Necr           0%         N/A       45%         2
 Wereblood                Tmut           0%         N/A       45%         2
 Call Canine Familiar     Summ           0%         N/A       69%         3
 Conjure Flame            Conj/Fire      0%         6-21      69%         3
 Ignite Poison            Fire/Tmut/Pois 0%         N/A       69%         3
 Mephitic Cloud           Conj/Pois/Air  0%         N/A       69%         3
 Ozocubu's Armour         Ice            0%         N/A       69%         3
 Summon Guardian Golem    Hex/Summ       0%         N/A       69%         3
 Swiftness                Air            0%         N/A       69%         3
 Vampiric Draining        Necr           0%         2d6       69%         3
 Airstrike                Air            0%         0-1+      97%         4
 Cause Fear               Hex            0%         N/A       97%         4
 Fulminant Prism          Conj/Hex       0%         3d6       97%         4
 Olgreb's Toxic Radiance  Pois           0%         N/A       97%         4
 Sticky Flame             Conj/Fire      0%         2d3       97%         4
 Agony                    Necr           0%         N/A       100%        5
 Blade Hands              Tmut           0%         N/A       100%        5
 Freezing Cloud           Conj/Ice/Air   0%         6-21      100%        5
 Irradiate                Conj/Tmut      0%         3d13      100%        5
 Iskenderun's Battlesphe  Conj           0%         2d6       100%        5
 Lightning Bolt           Conj/Air       0%         1d11      100%        5
 Manifold Assault         Tloc           0%         N/A       100%        5
 Metabolic Englaciation   Hex/Ice        0%         N/A       100%        5
 Dispersal                Tloc           0%         N/A       100%        6
 Iron Shot                Conj/Erth      0%         9d1       100%        6
 Simulacrum               Ice/Necr       0%         N/A       100%        6
 Dragon Form              Tmut           0%         N/A       100%        7
 Orb of Destruction       Conj           0%         9d5       100%        7
 Spellforged Servitor     Conj/Summ      0%         N/A       100%        7
 Storm Form               Tmut/Air       0%         N/A       100%        7
 Summon Hydra             Summ           0%         N/A       100%        7
 Disjunction              Tloc           0%         N/A       100%        8
 Dragon's Call            Summ           0%         N/A       100%        9


Dungeon Overview and Level Annotations

Branches:
Dungeon (15/15)            Temple (0/1) D:6            Lair (6/6) D:10
  Swamp (4/4) Lair:2        Snake (4/4) Lair:2        Slime (0/5) Lair:6
    Orc (2/2) D:9             Elf (3/3) Orc:2        Vaults (3/5) D:13
  Crypt (0/3) Vaults:2     Depths (0/4) D:15          Sewer (visited)
Volcano (visited)

Altars:
Ashenzari
Cheibriados
Dithmenos
Fedhas
Gozag
Kikubaaqudgha
Nemelex Xobeh
Okawaru
Qazlal
Sif Muna
Trog
Uskayaw
Wu Jian
Xom
Yredelemnul
Jiyva

Shops:
D:6 [   D:8 *   D:11 ?   D:13 :(   Orc:1 :   Orc:2 *[(:   Elf:2 ::=

Annotations:
Vaults:3 Margery, Zenata
Abyss:1 Jorgrun


Innate Abilities, Weirdness & Mutations

Your demonic aura causes all spilled blood to erupt in flames.
Your magical and physical power is greatly enhanced at high health.
When hurt, damage is shared between your health and your magic reserves.
You regenerate magic rapidly.
When seriously injured, your blood forms very thick armour. (AC +12)
Your touch may irresistibly damage your foes and sap their willpower.
You have supernaturally acute eyesight. (SInv)
You do not regenerate when monsters are visible.
Your movements are slightly less encumbered by armour. (ER -2)


Message History

You block the +1 war axe of flaming's attack.
The +3 halberd of flaming closely misses you.
You completely miss the +1 war axe of flaming.
The +3 mace of draining hits you.
* * * LOW HITPOINT WARNING * * *
You partially resist.
You feel drained.
Your river rat is engulfed in blazing flames.
You kill your river rat!
The +5 hand axe of electrocution misses you.
The +2 vampiric glaive completely misses you.
Space bends violently around you!
You blink.
The +1 war axe of flaming is engulfed in blazing flames.
The +1 war axe of flaming hits you but does no damage.
The +3 mace of draining is engulfed in blazing flames.
The +1 war axe of flaming hits you but does no damage.
A yaktaur captain comes into view.
The +3 mace of draining misses you.
The +3 halberd of flaming is engulfed in blazing flames.
You block the +3 halberd of flaming's attack.
The +5 hand axe of electrocution is engulfed in blazing flames.
The +5 hand axe of electrocution closely misses you.
The +1 war axe of flaming hits you!
* * * LOW HITPOINT WARNING * * *
The +1 war axe of flaming burns you.
* * * LOW HITPOINT WARNING * * *
The +3 mace of draining barely misses you.
The +5 hand axe of electrocution is engulfed in blazing flames.
The +3 halberd of flaming is engulfed in blazing flames.
The +3 halberd of flaming completely misses you.
The +2 vampiric glaive is engulfed in blazing flames.
The +2 vampiric glaive hits you from afar!
* * * LOW HITPOINT WARNING * * *
The +3 mace of draining hits you but does no damage.
You partially resist.
The +1 war axe of flaming is engulfed in blazing flames.
The +5 hand axe of electrocution is engulfed in blazing flames.
The +5 hand axe of electrocution closely misses you.
Zenata casts a spell at you.
A blast of power from the earth and the adjacent constructs strikes you!
You die...

...# ...###############.#
)..................#
............$......#
...................#####
.........................
.......................c.
...............a§........
................@.......$
..).........○☼(((........
...........○°.(§(○.......
............○.○○.........
#################'######
# #.[.........# #
#...#...#...# #
#...#...#...######### #
#.###...###.#.......#


You could see Zenata (weak-willed), a yaktaur captain and 5 dancing weapons.

Vanquished Creatures
  Mara (Snake:3)
  Sojobo (Vaults:2)
  the Lernaean hydra (Swamp:4)
  Boris (Vaults:3)
  Bai Suzhen (Vaults:2)
  2 titans (Vaults:2)
  A deep elf blademaster (Elf:2)
  Frances (Elf:1)
  A sphinx (Vaults:2)
  8 nagarajas
  3 tengu reavers
  Donald (Vaults:3)
  2 deep elf sorcerers
  An orc warlord (Orc:2)
  3 vault wardens (Vaults:2)
  11 ironbound preservers
  6 ironbound thunderhulks
  2 eleionomae
  2 stone giants (Vaults:2)
  3 dire elephants (Vaults:2)
  An entropy weaver (Vaults:1)
  2 bunyips
  2 deep elf annihilators
  4 deep elf high priests
  7 yaktaur captains
  Snorg (D:14)
  2 great orbs of eyes
  2 ice dragons (D:15)
  A rakshasa (D:15)
  A vault guard (Vaults:3)
  4 boulder beetles
  4 catoblepae
  3 ghost crabs
  15 hydras
  An ogre mage (D:13)
  2 peacekeepers (Vaults:2)
  4 ironbound frosthearts
  Erolcha (Orc:1)
  20 centaur warriors
  2 death knights (Vaults:2)
  17 anacondas
  2 alligators (Swamp:2)
  16 naga warriors
  5 two-headed ogres
  A deep troll shaman (Lair:6)
  2 deep troll earth magi (Vaults:2)
  6 death yaks (Lair:6)
  3 orc high priests (Orc:2)
  29 dancing weapons
  Nergalle (Lair:1)
  7 shock serpents
  Sonja (D:13)
  9 deep elf knights
  3 hell knights (Vaults:3)
  16 naga sharpshooters
  A sun demon (D:9)
  Urug (Orc:1)
  A shadow wraith (Vaults:2)
  2 salamander mystics
  An iron troll (Vaults:2)
  4 goliath frogs
  2 skeletal warriors (Volcano)
  3 sea snakes (Snake:4)
  9 swamp dragons
  2 bog bodies
  2 glowing orange brains
  6 lindwurms
  6 spriggan druids
  2 deep elf archers
  48 deep trolls
  8 naga ritualists
  5 wizards
  8 mana vipers
  8 harpies (Vaults:1)
  16 deep elf zephyrmancers
  A necromancer (Vaults:2)
  6 orc knights
  19 deep elf pyromancers
  15 ugly things
  9 ironbound convokers
  A wolf spider (D:14)
  9 cyclopes
  4 orc sorcerers
  4 oklob plants
  4 manticores
  10 salamanders
  35 slime creatures
  4 moths of wrath (Vaults:2)
  3 will-o-the-wisps
  13 elephants
  10 guardian serpents
  3 vault sentinels
  35 black mambas
  A rust devil (D:9)
  19 naga magi
  9 cane toads
  4 gargoyles
  An elf skeleton (Vaults:2)
  A rime drake (Lair:3)
  2 kobold demonologists
  14 yaktaurs
  11 komodo dragons
  A hellwing (D:9)
  3 trolls
  A silent spectre (Vaults:2)
  17 hornets
  2 polar bears
  4 tyrant leeches
  20 blink frogs
  Grinder (D:5)
  2 harpy skeletons (Volcano)
  An elf zombie (Vaults:2)
  2 shadows
  25 spriggans
  An alligator skeleton (Volcano)
  2 water elementals
  2 air elementals
  3 flying skulls (Volcano)
  48 yaks
  2 wraiths
  Eustachio (D:6)
  A vampire (D:12)
  4 wyverns
  A ynoxinul (D:9)
  2 fire elementals (Elf:3)
  8 basilisks
  An ettin skeleton (Vaults:2)
  A neqoxec (D:9)
  14 vampire mosquitoes
  A redback (Vaults:1)
  6 wargs
  An ogre zombie (Vaults:2)
  13 swamp worms
  49 nagas
  An acid dragon (D:9)
  Menkaure (D:5)
  11 water moccasins
  A floating eye (Lair:1)
  6 swamp drakes (Swamp:4)
  27 orc warriors
  An ice beast (D:7)
  3 black bears
  32 wolves
  5 boggarts
  11 centaurs
  9 ogres
  7 kobold brigands
  5 gnoll sergeants
  6 bullfrogs
  3 scorpions
  7 earth elementals
  3 necrophages
  4 wights (D:7)
  19 killer bees
  5 electric eels
  A spriggan skeleton (Volcano)
  6 howler monkeys
  2 quasits (D:9)
  A hound (D:5)
  10 orc priests
  3 iguanas
  17 orc wizards
  3 hell rats (Lair:3)
  A naga skeleton (Volcano)
  19 gnolls
  7 river rats
  5 adders
  A shadow imp (D:7)
  3 white imps
  4 ufetubi (D:5)
  9 worms
  4 dart slugs
  46 orcs
  13 ball pythons
  5 bats
  6 endoplasms
  8 giant cockroaches
  4 hobgoblins
  16 jackals
  6 quokkas
  4 frilled lizards
  4 goblins (D:2)
  30 kobolds
  14 rats
  A butterfly (Lair:5)
  A fungus (Lair:1)
1292 creatures vanquished.

Vanquished Creatures (collateral kills)
  A two-headed ogre (D:9)
  A deep troll (Vaults:1)
  A deep elf zephyrmancer (Elf:2)
  An ice beast (D:5)
  A centaur (D:9)
  An orc (D:5)
  A quokka (D:4)
  2 kobolds (D:9)
9 creatures vanquished.

Vanquished Creatures (others)
  A deep elf knight (Elf:3)
  2 bloated husks
  A swamp drake (Swamp:1)
  A kobold brigand (D:12)
  An orc wizard (D:13)
  6 foxfires
  29 fungi
  64 plants
105 creatures vanquished.

Grand Total: 1406 creatures vanquished

Notes
Turn   | Place    | Note
-------+----------+-------------------------------------------
     0 | Abyss:1  | polve the Demonspawn Abyssal Knight began the quest for the
                  | Orb.
     0 | Abyss:1  | Reached XP level 1. HP: 18/18 MP: 2/2
     7 | Abyss:1  | Found a corrupted altar of Lugonu.
     8 | D:1      | Escaped the Abyss
   140 | D:1      | Gained mutation: Your touch may inflict minor irresistible
                  | damage on your foes. [demonic ancestry]
   140 | D:1      | Reached XP level 2. HP: 15/24 MP: 3/3
   864 | D:1      | Gained mutation: Your demonic aura sometimes causes spilled
                  | blood to erupt in flames. [demonic ancestry]
   864 | D:1      | Reached XP level 3. HP: 26/29 MP: 4/4
  1186 | D:1      | Found a faded altar of an unknown god.
  2133 | D:2      | Reached *** piety under Lugonu
  2538 | D:2      | Gained mutation: When seriously injured, your blood forms
                  | armour. (AC +12) [demonic ancestry]
  2538 | D:2      | Reached XP level 4. HP: 31/35 MP: 5/5
  3291 | D:3      | Found a basalt altar of Yredelemnul.
  3468 | D:3      | Found a hide-covered altar of Uskayaw.
  3627 | D:3      | Identified the +1 robe "Qoergh" {rCorr Str+8 Int-5 Dex-2}
  4281 | D:4      | Found the +2 ratskin cloak {*Rats rPois rN+ Str-1 Int-1
                  | Dex+1}
  4298 | D:4      | Found a glowing drain.
  4323 | Sewer    | Entered a sewer
  4842 | Sewer    | Gained mutation: Your demonic aura often causes spilled
                  | blood to erupt in flames. [demonic ancestry]
  4842 | Sewer    | Reached XP level 5. HP: 30/41 MP: 8/8
  5231 | Sewer    | Gained mutation: You are agile. (Dex +4, Str/Int -1)
                  | [potion of mutation]
  5231 | Sewer    | Gained mutation: Your movements are slightly less
                  | encumbered by armour. (ER -2) [potion of mutation]
  5231 | Sewer    | Lost mutation: You are agile. (Dex +4, Str/Int -1) [potion
                  | of mutation]
  5231 | Sewer    | Gained mutation: You have supernaturally acute eyesight.
                  | (SInv) [potion of mutation]
  5702 | D:4      | Reached skill level 5 in Invocations
  5785 | D:4      | Reached **** piety under Lugonu
  6021 | D:4      | Found the +8 arc blade {discharge, rElec}
  6264 | D:4      | Reached XP level 6. HP: 46/47 MP: 10/10
  6353 | D:4      | Found a stormy altar of Qazlal.
  6475 | D:5      | Entered Level 5 of the Dungeon
  6547 | D:5      | Noticed Grinder
  6549 | D:5      | Killed Grinder
  6550 | D:5      | Gained mutation: When seriously injured, your blood forms
                  | thick armour. (AC +12) [demonic ancestry]
  6550 | D:5      | Reached XP level 7. HP: 44/52 MP: 11/13
  6613 | D:5      | Noticed Menkaure
  6619 | D:5      | Killed Menkaure
  7376 | D:5      | Reached skill level 5 in Fighting
  7585 | D:5      | Gained mutation: Your demonic aura causes all spilled blood
                  | to erupt in flames. [demonic ancestry]
  7585 | D:5      | Reached XP level 8. HP: 62/64 MP: 14/14
  7751 | D:5      | Noticed a two-headed ogre
  7819 | D:5      | Reached skill level 1 in Dodging
  7841 | D:5      | Reached ***** piety under Lugonu
  7841 | D:5      | Banished a two-headed ogre
  7842 | D:5      | Gained mutation: Your touch may inflict irresistible damage
                  | on your foes. [demonic ancestry]
  7842 | D:5      | Reached XP level 9. HP: 17/74 MP: 10/15
  8185 | D:5      | Got the Tome of Flying Conjuration
  8341 | D:6      | Reached skill level 1 in Stealth
  8440 | D:6      | Found a staircase to the Ecumenical Temple.
  8625 | D:6      | Found Facuss's Armour Shop.
  8672 | D:6      | Found a shadowy altar of Dithmenos.
  8675 | D:6      | Noticed Eustachio
  8682 | D:6      | Killed Eustachio
  8859 | D:6      | Found a blossoming altar of Fedhas.
  9560 | D:7      | Found an iron altar of Okawaru.
  9665 | D:7      | Reached skill level 5 in Stealth
 10375 | D:8      | Found a shimmering blue altar of Sif Muna.
 10398 | D:8      | Found a sparkling altar of Nemelex Xobeh.
 10810 | D:8      | Found Buocwaus's Island Escapes.
 11633 | D:8      | Identified the +6 halberd of Lecuceh {antimagic, rC+}
 11634 | D:8      | Identified the +8 halberd "Roaf" {flame, rPois rCorr
                  | Stlth+}
 11722 | D:8      | Found an ornate altar of the Wu Jian Council.
 11740 | D:8      | Identified the +1 leather armour of Itieloupa {rF++ Regen+
                  | Str+3 Stlth+}
 12015 | D:9      | Noticed a komodo dragon
 12017 | D:9      | Found a snail-covered altar of Cheibriados.
 12018 | D:9      | Found a bloodstained altar of Trog.
 12022 | D:9      | Killed a komodo dragon
 12023 | D:9      | Gained mutation: You regenerate magic rapidly. [demonic
                  | ancestry]
 12023 | D:9      | Reached XP level 10. HP: 80/80 MP: 16/16
 12032 | D:9      | Found an opulent altar of Gozag.
 12169 | D:9      | Found a staircase to the Orcish Mines.
 12277 | D:9      | Reached skill level 5 in Short Blades
 12482 | D:9      | Noticed a two-headed ogre
 12488 | D:9      | Killed a two-headed ogre
 12530 | D:9      | Found a broken altar of Ashenzari.
 12564 | D:9      | Found an ancient bone altar of Kikubaaqudgha.
 12787 | D:9      | Noticed a sun demon
 12788 | D:9      | Gained mutation: You do not regenerate when monsters are
                  | visible. [a neqoxec]
 12793 | D:9      | Noticed a rust devil
 12804 | D:9      | Killed a sun demon
 12811 | D:9      | Killed a rust devil
 12993 | D:10     | Entered Level 10 of the Dungeon
 12993 | D:10     | You fall into a shaft and drop 3 floors!
 13025 | D:13     | Noticed a manticore
 13034 | D:13     | Killed a manticore
 13035 | D:13     | Gained mutation: Your touch may irresistibly damage your
                  | foes and sap their willpower. [demonic ancestry]
 13035 | D:13     | Reached XP level 11. HP: 86/86 MP: 17/17
 13078 | D:11     | Noticed a white ugly thing
 13166 | D:11     | Killed a white ugly thing
 13167 | D:11     | Reached skill level 10 in Short Blades
 13302 | D:11     | Found Guff's Magic Scroll Shoppe.
 13688 | D:10     | Noticed a two-headed ogre
 13694 | D:10     | Killed a two-headed ogre
 14055 | D:10     | Reached ****** piety under Lugonu
 14285 | D:10     | Noticed an oklob plant
 14292 | D:10     | Found a staircase to the Lair.
 14295 | D:10     | Killed an oklob plant
 15264 | Lair:1   | Entered Level 1 of the Lair of Beasts
 15413 | Lair:1   | Gained mutation: When seriously injured, your blood forms
                  | very thick armour. (AC +12) [demonic ancestry]
 15413 | Lair:1   | Reached XP level 12. HP: 79/92 MP: 18/18
 15457 | Lair:1   | Noticed Nergalle
 15471 | Lair:1   | Killed Nergalle
 15813 | Lair:1   | Paralysed by a floating eye for 2 turns
 15919 | Lair:1   | Paralysed by a floating eye for 4 turns
 15925 | Lair:1   | Paralysed by a floating eye for 4 turns
 15951 | Lair:1   | Paralysed by a floating eye for 2 turns
 16403 | Lair:2   | Found a staircase to the Swamp.
 16508 | Lair:2   | Found a staircase to the Snake Pit.
 16857 | Lair:2   | Noticed a six-headed hydra
 16864 | Lair:2   | Killed a six-headed hydra
 17668 | Lair:3   | Reached skill level 10 in Fighting
 18708 | Lair:4   | Reached XP level 13. HP: 100/107 MP: 19/19
 19113 | Lair:5   | Reached skill level 5 in Dodging
 20230 | Lair:5   | Found a blossoming altar of Fedhas.
 20360 | Lair:6   | Entered Level 6 of the Lair of Beasts
 20429 | Lair:6   | Found a dark tunnel.
 20437 | Volcano  | Entered a volcano
 20621 | Volcano  | Identified the +2 helmet of Fortification {rElec Dex+5}
 20938 | Lair:6   | Reached skill level 10 in Stealth
 21102 | Lair:6   | Found a shimmering altar of Xom.
 21351 | Lair:6   | Gained mutation: Your magical and physical power is
                  | slightly enhanced at high health. [demonic ancestry]
 21351 | Lair:6   | Reached XP level 14. HP: 115/115 MP: 20/20
 21474 | Lair:6   | Identified the +4 ring mail of Boredom {Int+4 Stlth+}
 21498 | Lair:6   | Reached skill level 10 in Invocations
 21756 | Lair:6   | Found a viscous altar of Jiyva.
 21756 | Lair:6   | Found a staircase to the Slime Pits.
 22272 | Orc:1    | Entered Level 1 of the Orcish Mines
 22272 | Orc:1    | Noticed Urug
 22275 | Orc:1    | Killed Urug
 22328 | Orc:1    | Noticed Erolcha
 22339 | Orc:1    | Killed Erolcha
 22589 | Orc:1    | Found Xakucot's Book Emporium.
 22818 | Orc:2    | Entered Level 2 of the Orcish Mines
 22823 | Orc:2    | Found Udwapint's Book Boutique.
 22918 | Orc:2    | Found Dexkeen's Antique Armour Shop.
 22918 | Orc:2    | Noticed an orc warlord
 22981 | Orc:2    | Killed an orc warlord
 23138 | Orc:2    | Found Poetedel's Antique Weapon Emporium.
 23163 | Orc:2    | Reached skill level 5 in Armour
 23386 | Orc:2    | Found Otsiomal's General Store.
 23540 | Orc:2    | Found a staircase to the Elven Halls.
 23674 | Elf:1    | Entered Level 1 of the Elven Halls
 24380 | D:13     | Reached skill level 10 in Dodging
 24615 | D:13     | Found Zesyn's Book Boutique.
 24778 | D:13     | Reached XP level 15. HP: 111/120 MP: 24/24
 24952 | D:13     | Found a gate to the Vaults.
 25077 | D:13     | Found Gijuify's Weapon Shoppe.
 25077 | D:13     | Noticed Sonja
 25087 | Abyss:1  | Cast into level 1 of the Abyss (Sonja)
 25088 | D:13     | Escaped the Abyss
 25089 | D:13     | Killed Sonja
 25873 | D:14     | Noticed Snorg
 25880 | D:14     | Killed Snorg
 26078 | D:15     | Entered Level 15 of the Dungeon
 26786 | D:15     | Reached XP level 16. HP: 52/127 MP: 25/25
 27033 | D:15     | Found a staircase to the Depths.
 27358 | Snake:1  | Entered Level 1 of the Snake Pit
 28961 | Snake:2  | Reached skill level 15 in Stealth
 29214 | Snake:2  | Gained mutation: Your magical and physical power is
                  | enhanced at high health. [demonic ancestry]
 29214 | Snake:2  | Reached XP level 17. HP: 135/135 MP: 26/26
 30154 | Snake:3  | Noticed Mara
 30159 | Snake:3  | Noticed polve's illusion
 30199 | Snake:3  | Noticed polve's illusion
 30205 | Snake:3  | Killed Mara
 30458 | Snake:3  | Reached skill level 15 in Fighting
 30610 | Snake:4  | Entered Level 4 of the Snake Pit
 30962 | Snake:4  | Found the +7 captain's cutlass {speed, disarm}
 31368 | Snake:4  | Reached skill level 15 in Invocations
 31832 | Snake:4  | Reached XP level 18. HP: 118/151 MP: 29/29
 32174 | Snake:4  | Got a serpentine rune of Zot
 32493 | Vaults:1 | Entered Level 1 of the Vaults
 33328 | Vaults:1 | Identified the +2 helmet of Fanaticism {*Slow rCorr Str+8
                  | Dex-4}
 34639 | Vaults:2 | Gained mutation: When hurt, damage is shared between your
                  | health and your magic reserves. [demonic ancestry]
 34639 | Vaults:2 | Reached XP level 19. HP: 169/169 MP: 30/30
 34769 | Vaults:2 | Noticed Bai Suzhen
 34780 | Vaults:2 | Killed Bai Suzhen
 35726 | Vaults:2 | Noticed Sojobo
 35732 | Vaults:2 | Paralysed by an air elemental for 1 turns
 35748 | Vaults:2 | Killed Sojobo
 36400 | Vaults:2 | Found a staircase to the Crypt.
 36571 | Vaults:2 | Found a bloodstained altar of Trog.
 36571 | Vaults:2 | Found the +8 Wrath of Trog {antimagic, *Rage Rampage}
 36615 | Vaults:2 | Found a transporter.
 36770 | Vaults:2 | You fall into a shaft and drop 1 floor!
 36784 | Vaults:3 | Noticed Boris
 36836 | Vaults:3 | Killed Boris
 37906 | Vaults:2 | Found a transporter.
 37906 | Vaults:2 | Found a runed translucent door.
 37956 | Vaults:2 | Identified the +6 chain mail of Qodghu {+Inv}
 37980 | Vaults:2 | Identified the +6 battleaxe of Disorder {venom, SInv}
 37980 | Abyss:2  | Cast into level 2 of the Abyss (a wizard)
 37981 | Vaults:2 | Escaped the Abyss
 39198 | Elf:1    | Got Sif Muna's Guide on Attacks
 39445 | Elf:1    | Noticed Frances
 39454 | Elf:1    | Killed Frances
 39562 | Elf:1    | Reached XP level 20. HP: 173/176 MP: 31/31
 39850 | Elf:2    | Found a huge runed translucent gate.
 39850 | Elf:2    | Found a huge runed translucent gate.
 39850 | Elf:2    | Found a huge runed translucent gate.
 39853 | Elf:2    | Found a huge runed translucent gate.
 39854 | Elf:2    | Found a huge runed translucent gate.
 40204 | Elf:2    | Found Hiddiur's Jewellery Boutique.
 40204 | Elf:2    | Found Zeuni's Book Emporium.
 40205 | Elf:2    | Found Senur's Book Emporium.
 41075 | Elf:2    | Reached skill level 10 in Armour
 41099 | Elf:2    | Identified a scroll of acquirement
 41100 | Elf:2    | Acquired 889 gold pieces
 41197 | Elf:3    | Entered Level 3 of the Elven Halls
 41248 | Elf:3    | Paralysed by an air elemental for 1 turns
 41543 | Orc:2    | Bought a scroll of enchant weapon for 105 gold pieces
 41543 | Orc:2    | Bought a scroll of blinking for 105 gold pieces
 41681 | D:11     | Bought a scroll of magic mapping for 38 gold pieces
 41681 | D:11     | Bought a scroll of blinking for 82 gold pieces
 41681 | D:11     | Bought a scroll of teleportation for 33 gold pieces
 41681 | D:11     | Bought a scroll of teleportation for 33 gold pieces
 41681 | D:11     | Bought a scroll of fog for 22 gold pieces
 41686 | D:11     | Identified a +6 quick blade of distortion (a +4 quick blade
                  | of electrocution corrupted by Lugonu)
 41686 | D:11     | Received a gift from Lugonu
 41900 | Elf:2    | Bought a ring of flight for 245 gold pieces
 42123 | Swamp:1  | Entered Level 1 of the Swamp
 42150 | Swamp:1  | Noticed Jorgrun
 42161 | Swamp:1  | Banished Jorgrun
 44170 | Swamp:4  | Entered Level 4 of the Swamp
 44427 | Swamp:4  | Noticed the 27-headed Lernaean hydra
 44472 | Swamp:4  | Killed the 27-headed Lernaean hydra
 44478 | Swamp:4  | Reached skill level 15 in Armour
 44809 | Swamp:4  | Got a decaying rune of Zot
 45614 | Vaults:3 | Noticed Donald
 45628 | Vaults:3 | Killed Donald
 45629 | Vaults:3 | Gained mutation: Your magical and physical power is greatly
                  | enhanced at high health. [demonic ancestry]
 45629 | Vaults:3 | Reached XP level 21. HP: 183/183 MP: 32/32
 45696 | Vaults:3 | Noticed Margery
 45938 | Vaults:3 | Noticed Zenata
 45960 | Vaults:3 | Killed from afar by Zenata

Illustrated notes

Levels and vault maps discovered:
D:1:      dpeg_arrival_renting, layout_basic, ebering_ecumenical_altar_petrified
D:2:      layout_basic
D:3:      layout_basic, nicolae_uskayaw_murder_on_the_dancefloor,
          overflow_temple_1_default
D:4:      layout_loops_ring, nicolae_qazlal_scattered_showers,
          gup_sewer_entry_pipe
D:5:      minmay_clustersquares, layout_loops_corners, lemuel_crystal_altar,
          uniq_grinder, uniq_menkaure
D:6:      layout_loops_ring, kennysheep_mini_moat,
          mainiacjoe_overflow_small_starburst, temple_green, serial_shops,
          nicolae_shop_advertising_works [nicolae_subvault_shop_adworks],
          uniq_eustachio
D:7:      layout_rooms, okawaru_metal_pillars_1_2,
          hangedman_abyss_or_decor_stagger
D:8:      layout_layer_cave, lemuel_doored_altar, old_standard_altar,
          nicolae_sif_muna_condensation, enter_bailey_2, nicolae_island_escapes
D:9:      layout_roguey, grunt_temple_overflow_open, nicolae_overflow_squiral,
          orc_0_dummy, serial_demonic, serial_demonic_b, serial_demonic_d,
          serial_demonic_b, serial_demonic_a, serial_demonic_b
D:10:     layout_gridville, dpeg_oklobed_lair
D:11:     layout_cave_pools, serial_shops, nicolae_square_shop,
          serial_bayou_lake_a
D:12:     layout_rooms
D:13:     layout_loops_ring, hangedman_vaults_entry_quadrant_bands,
          serial_shops, nicolae_shop_bloodbath_and_beyond,
          nicolae_take_the_stairs, uniq_sonja
D:14:     layout_loops_cross, nicolae_elyvilon_temple_path, uniq_snorg
D:15:     grunt_enter_depths_hoard, layout_basic, minmay_misc_feat_rugged
Lair:1:   layout_loops_ring, disabler_island, grunt_megastairs_4, uniq_nergalle
Lair:2:   layout_small_grid, swamp_mist, guppyfry_snake_entry_garden,
          serial_bayou_lagoon_b
Lair:3:   layout_long_grid, kennysheep_abandoned_house,
          infiniplex_staircase_pool_2, grunt_megastairs_3
Lair:4:   layout_cave_shapes, beast_lair_carwin_2
Lair:5:   wad_woods_tower, layout_cave_pods, serial_bayou, serial_bayou_pond_e,
          serial_bayou_pond_e, serial_bayou_pond_d, serial_bayou_pond_d,
          minivault_25, fungi_pond_lemuel, st_stairs_10, hangedman_tree_tricks,
          lemuel_fruit_fields
Lair:6:   grunt_lair_end_beastmaster, layout_regular_city,
          minmay_slime_entry_oklob_open, enter_volcano_2, basic_altar,
          grunt_megastairs_5, lemuel_fruit_tree
Swamp:1:  layout_basic_swamp, evilmike_swamp_ruin_house_1, uniq_jorgrun
Swamp:2:  layout_basic_swamp, evilmike_swamp_ruin_rubble_2
Swamp:3:  layout_basic_swamp, evilmike_swamp_ruin_house_5
Swamp:4:  swamp_old_school, layout_basic_swamp
Snake:1:  layout_honeycomb
Snake:2:  layout_cave_town, st_stairs_11
Snake:3:  layout_basic, nicolae_snake_coiling_death, uniq_mara
Snake:4:  grunt_snake_rune_serpentine_throne, layout_rooms, serial_bayou_shore_a
Orc:1:    layout_caves, serial_shops, shop, uniq_urug, uniq_erolcha
Orc:2:    grunt_orc_gardens, layout_diamond_mine, grunt_orc_garden,
          grunt_orc_garden, grunt_orc_garden, grunt_orc_garden
Elf:1:    eino_elf_arrival_shootout, layout_geoelf_grid,
          minmay_elf_annihilation, nrook_mini_backslash, uniq_frances
Elf:2:    elven_hall_of_blades_hangedman_alternative
          [nicolae_blade_entry_antechamber], layout_gridlike, minmay_shop_grove
Elf:3:    elf_hall_gauntlet_wide, layout_rooms
Vaults:1: ontoclasm_vaults_gateway, vaults_dpeg_cross,
          ontoclasm_vaults_ring_large, nicolae_vaults_branching_niches,
          ontoclasm_vaults_chip, v_alt_pattern_2,
          nicolae_vaults_ring_of_whatevers, nicolae_vaults_sealed_display,
          grunt_vaults_focal, grunt_vaults_hallway_short,
          nicolae_vaults_what_the_h, v_misc_18, nicolae_vaults_little_squares_2,
          vaults_room_fours, vaults_room_semicircle, layout_vaults_omnicross
Vaults:2: portal_desolation_entry_twin_temple, nicolae_vaults_ring_of_whatevers,
          vaults_dpeg_hooks, emtedronai_trogs_sanctum, hangedman_vaults_cutoff,
          blue_anna_dwarven_crypt, nicolae_vaults_shelves_hall, v_misc_23,
          v_misc_12, nicolae_vaults_twisting_passages, v_rooms_5,
          vaults_room_semicircle, nicolae_vaults_border_crossing,
          ontoclasm_vaults_twist, vaults_mumra_chevron, layout_vaults_omnibox,
          uniq_bai_suzhen, uniq_sojobo
Vaults:3: nicolae_vaults_stairing_the_circle, nicolae_vaults_little_squares_5,
          nicolae_vaults_display_case, v_misc_2,
          vaults_room_grunt_arrival_ludios, ontoclasm_vaults_claustrophobia,
          vaults_room_grid, vaults_room_fours, vaults_mumra_hexcomb,
          nicolae_vaults_diagonal_hallway_7, layout_vaults_big_room,
          serial_shops, shop, uniq_mennas, uniq_margery, uniq_donald,
          uniq_boris, uniq_zenata

Skill      XL: |  1  2  3  4  5  6  7  8  9 10 11 12 13 14 15 16 17 18 19 20 21 |
---------------+----------------------------------------------------------------+-----
Short Blades   | 2 3 4 9 12 14 | 14.0
Invocations    | 4 6 8 9 12 15 | 15.0
Fighting       | 5 8 11 12 16 20 | 20.0
Armour         | 4 6 7 8 15 | 15.0
Dodging        | 3 4 8 10 11 12 13 | 13.2
Stealth        | 7 8 11 12 13 15 19 20 | 20.0

Action                   |  1- 3 |  4- 6 |  7- 9 | 10-12 | 13-15 | 16-18 | 19-21 || total
-------------------------+-------+-------+-------+-------+-------+-------+-------++-------
Melee: Short sword       |   102 |   100 |       |       |       |       |       ||   202
       Touch             |    20 |    33 |    12 |    59 |    93 |   140 |   219 ||   576
       Dagger            |       |    64 |       |       |       |       |       ||    64
       Rapier            |       |     6 |   130 |   360 |   474 |   647 |   463 ||  2080
       Punch             |       |     1 |     2 |     2 |     8 |    11 |    17 ||    41
       Cutlass           |       |       |       |       |       |    32 |       ||    32
       Quick blade       |       |       |       |       |       |       |   451 ||   451
Invok: Depart the Abyss  |     1 |       |       |       |     1 |       |     1 ||     3
       Banish            |       |       |     1 |     4 |     4 |     1 |       ||    10
       Bend Space        |       |       |       |     2 |       |       |     2 ||     4
       Brand Weapon With |       |       |       |       |       |       |     1 ||     1
  Use: Potion            |       |    11 |       |     1 |     2 |       |     5 ||    19
       Scroll            |       |       |       |    14 |     6 |     2 |    10 ||    32
 Stab: Sleeping          |     2 |     2 |     1 |    22 |    46 |    48 |    56 ||   177
       Distracted        |       |       |     1 |     2 |     6 |     3 |     7 ||    19
Armor: Leather armour    |    19 |    50 |    23 |    54 |    34 |   109 |   145 ||   434
       Storm dragon scal |       |       |       |       |       |       |    97 ||    97
Dodge: Dodged            |    52 |    94 |    73 |   183 |   316 |   525 |   510 ||  1753
Block: Other             |       |       |    21 |    63 |    62 |   103 |   118 ||   367
       Reflection        |       |       |       |     4 |     5 |    18 |     7 ||    34

Table legend: (Time is in decaauts)
 A = Elapsed time spent in this place.
 B = Non-inter-level travel time spent in this place.
 C = Inter-level travel time spent in this place.
 D = Time resting spent in this place.
 E = Time spent auto-exploring this place.
 F = Levels seen in this place.
 G = Mean time per level.
                   A        B        C        D        E       F      G
               +--------+--------+--------+--------+--------+-----+--------+
         Total |  44886 |  41752 |   3134 |    920 |  34173 |  42 | 1068.7 |
       Dungeon |  18149 |  16818 |   1331 |     85 |  14696 |  15 | 1209.9 |
          Lair |   6595 |   6204 |    391 |      0 |   5324 |   6 | 1099.2 |
         Swamp |   2878 |   2784 |     94 |      0 |   2225 |   4 |  719.5 |
     Snake Pit |   4827 |   4499 |    328 |     55 |   3452 |   4 | 1206.8 |
  Orcish Mines |   1720 |   1358 |    362 |      0 |   1078 |   2 |  860.0 |
   Elven Halls |   2700 |   2345 |    355 |      0 |   1816 |   3 |  900.0 |
        Vaults |   6511 |   6242 |    269 |    638 |   4557 |   3 | 2170.3 |
         Abyss |      9 |      9 |      0 |      0 |      7 |   3 |    3.0 |
         Sewer |   1143 |   1143 |      0 |    142 |    780 |   1 | 1143.0 |
       Volcano |    351 |    351 |      0 |      0 |    238 |   1 |  351.0 |
               +--------+--------+--------+--------+--------+-----+--------+

Top non-repeatable levels by time:
Vaults:2: 4097 daAuts
     D:5: 1847 daAuts
Vaults:1: 1808 daAuts
     D:8: 1721 daAuts
     D:1: 1645 daAuts
 Snake:4: 1561 daAuts
   Elf:2: 1514 daAuts
    D:10: 1470 daAuts
  Lair:6: 1338 daAuts
     D:2: 1317 daAuts
 Snake:1: 1295 daAuts
     D:3: 1265 daAuts
  Lair:5: 1262 daAuts
     D:9: 1196 daAuts
  Lair:1: 1163 daAuts
